[Event "66th HUN-ch Women 2018"]
[Site "Budapest"]
[Date "2018.12.08"]
[Round "6"]
[White "Terbe, Zsuzsanna"]
[Black "Gaal, Zsoka"]
[Result "1/2-1/2"]
[ECO "A05"]
[WhiteElo "2180"]
[BlackElo "2020"]
[Annotator "NA"]
[PlyCount "62"]
[EventDate "2018.12.03"]
[EventType "tourn"]
[EventCountry "HUN"]
[SourceTitle "playchess.com"]
[Source "ChessBase"]
[SourceQuality "1"]
[TimeControl "40/5400+30:1800+30"]

1. Nf3 Nf6 2. g3 g6 3. Bg2 Bg7 4. d4 O-O 5. O-O d6 6. a4 a5 7. Nc3 Nbd7 8. b3 e5 9. dxe5 dxe5 10. Ba3 Re8 11. Nd2 Bf8 12. Bb2 c6 13. Qc1 Qc7 14. Rd1 Nc5 15. h3 Be6 16. e4 Rad8 17. Nf3 Nfd7 18. Qe3 f6 19. Bf1 Bf7 20. h4 Ne6 21. Rd2 Bc5 22. Qe1 Nd4 23. Bg2 Nf8 24. Rad1 Nfe6 25. Ne2 Nxf3+ 26. Bxf3 Rxd2 27. Qxd2 Rd8 28. Qe1 Rxd1 29. Qxd1 Qd8 30. Qxd8+ Nxd8 31. Bc3 b6 1/2-1/2

[Event "66th HUN-ch Women 2018"]
[Site "Budapest"]
[Date "2018.12.08"]
[Round "6"]
[White "Egyed, Judit"]
[Black "Havanecz, Bianka"]
[Result "0-1"]
[ECO "B15"]
[WhiteElo "2045"]
[BlackElo "2247"]
[Annotator "NA"]
[PlyCount "64"]
[EventDate "2018.12.03"]
[EventType "tourn"]
[EventCountry "HUN"]
[SourceTitle "playchess.com"]
[Source "ChessBase"]
[SourceQuality "1"]
[TimeControl "40/5400+30:1800+30"]

1. e4 c6 2. d4 d5 3. Nc3 dxe4 4. Nxe4 Nf6 5. Nxf6+ exf6 6. Be3 Bd6 7. Bd3 O-O 8. Ne2 Re8 9. c3 Nd7 10. Qc2 Nf8 11. O-O-O Qa5 12. Kb1 b5 13. Nc1 Be6 14. h4 Bd5 15. Rdg1 Qc7 16. Rh3 a5 17. Bd2 Rab8 18. f3 c5 19. g4 cxd4 20. cxd4 Qb6 21. g5 Rbc8 22. Qd1 Be6 23. gxf6 g6 24. Rhh1 Qxd4 25. Bc3 Rxc3 26. bxc3 Qxc3 27. Qc2 Qb4+ 28. Nb3 a4 29. Qc1 axb3 30. a4 Qd4 31. Rd1 Be5 32. Qa3 Qxa4 0-1

[Event "66th HUN-ch Women 2018"]
[Site "Budapest"]
[Date "2018.12.09"]
[Round "7"]
[White "Havanecz, Bianka"]
[Black "Gal, Hanna Krisztina"]
[Result "1-0"]
[ECO "E97"]
[WhiteElo "2247"]
[BlackElo "2189"]
[Annotator "NA"]
[PlyCount "125"]
[EventDate "2018.12.03"]
[EventType "tourn"]
[EventCountry "HUN"]
[SourceTitle "playchess.com"]
[Source "ChessBase"]
[SourceQuality "1"]
[TimeControl "40/5400+30:1800+30"]

1. d4 Nf6 2. c4 g6 3. Nf3 Bg7 4. Nc3 O-O 5. e4 d6 6. Be2 e5 7. O-O Nc6 8. dxe5 dxe5 9. Bg5 Qxd1 10. Rfxd1 h6 11. Be3 Bg4 12. h3 Bxf3 13. Bxf3 Rfc8 {[%emt 0:12:02] E97: King's Indian: Classical Main Line (6...e5 7 0-0 Nc6): 8 Be3 and 8 d5 Ne7, not 9 Ne1} (13... Rfd8 14. Nd5 Ne8 15. h4 Nd4 16. Bxd4 exd4 17. Nf4 h5 18. Nd3 c6 19. g3 Nc7 20. Bg2 Ne6 21. e5 Bf8 22. f4 Nc5 23. Rac1 {½-½ (23) Kryakvin,D (2595)-Iljiushenok,I (2539) Sochi 2018}) 14. Rac1 $146 ({Predecessor:} 14. Nd5 Ne8 15. c5 Rd8 16. Rac1 Rab8 17. b4 Kf8 18. b5 Nd4 19. Bxd4 exd4 20. Nb4 h5 21. c6 {½-½ (85) Sielecki,C (2439)-Perske,T (2277) Bad Wiessee 2014}) 14... Ne8 15. c5 Rd8 16. Rxd8 Rxd8 17. Be2 Nd4 18. Bc4 c6 19. f4 Nc7 20. fxe5 Nce6 21. Rd1 g5 22. Bxe6 Nxe6 23. Rxd8+ Nxd8 24. Ne2 Ne6 25. b4 Bxe5 26. Kf2 Kg7 27. Bd2 Kf6 28. Nc1 a5 29. Nb3 axb4 30. Bxb4 Nd4 {[%emt 0:10:20] [#]} 31. Na5 $1 Nc2 32. Bd2 Bd4+ 33. Ke2 Bxc5 34. Nxb7 Bb4 (34... Nd4+ $16 35. Kd3 Ne6) 35. Bxb4 Nxb4 36. a3 Na6 37. Nd6 (37. Ke3 $18) 37... h5 38. g3 Nc5 39. Ke3 Ke6 40. Nc4 f5 41. exf5+ Kxf5 42. Na5 g4 43. h4 Ne4 44. Nxc6 Nxg3 45. a4 Ne4 46. Ne7+ Kf6 47. Ng8+ ({Wrong is} 47. Kxe4 $2 Kxe7 48. a5 Kd6 $19) 47... Ke5 48. a5 Nd6 49. a6 Nc4+ $2 (49... Nc8 $11) 50. Kf2 Kf4 51. a7 g3+ 52. Kg2 Nb6 53. Nf6 Na8 54. Nxh5+ {[%emt 0:00:26] Double Attack} Kg4 55. Nxg3 Kxh4 56. Kf3 Kg5 57. Ke4 Kf6 58. Kd5 Ke7 {[%emt 0:00:24] [#]} 59. Kc6 $1 Kd8 60. Kb7 Nc7 61. Nf5 Kd7 62. Nd4 Na8 63. Ne6 1-0

[Event "66th HUN-ch Women 2018"]
[Site "Budapest"]
[Date "2018.12.09"]
[Round "7"]
[White "Varga, Klara"]
[Black "Egyed, Judit"]
[Result "1-0"]
[ECO "A34"]
[WhiteElo "2242"]
[BlackElo "2045"]
[Annotator "NA"]
[PlyCount "75"]
[EventDate "2018.12.03"]
[EventType "tourn"]
[EventCountry "HUN"]
[SourceTitle "playchess.com"]
[Source "ChessBase"]
[SourceQuality "1"]
[TimeControl "40/5400+30:1800+30"]

1. c4 c5 2. Nc3 g6 3. e4 Bg7 4. Nge2 Nc6 5. d3 d6 6. g3 Bg4 7. Bg2 Nd4 8. h3 Bf3 9. O-O Qd7 10. Be3 Nxe2+ 11. Nxe2 Bxg2 12. Kxg2 Bxb2 13. Rb1 Bg7 14. f4 e6 15. d4 b6 16. f5 Nf6 17. e5 dxe5 18. dxe5 Qc6+ 19. Kh2 Nd7 20. f6 Bf8 21. Bf4 g5 22. Bxg5 Nxe5 23. Nc3 Rg8 24. Bf4 Ng6 25. Ne4 Nxf4 26. Rxf4 Rd8 27. Qf3 Qa4 28. Re1 Bd6 29. Nxd6+ Rxd6 30. Qa8+ Rd8 31. Rxe6+ fxe6 32. f7+ Ke7 33. fxg8=N+ Rxg8 34. Qxg8 Qc2+ 35. Kg1 Qd1+ 36. Rf1 Qd4+ 37. Rf2 b5 38. Qf8+ 1-0

[Event "66th HUN-ch Women 2018"]
[Site "Budapest"]
[Date "2018.12.09"]
[Round "7"]
[White "Juhasz, Barbara"]
[Black "Terbe, Zsuzsanna"]
[Result "1/2-1/2"]
[ECO "B20"]
[WhiteElo "2176"]
[BlackElo "2180"]
[Annotator "ChessBase"]
[PlyCount "65"]
[EventDate "2018.12.03"]
[EventType "tourn"]
[EventCountry "HUN"]
[SourceTitle "playchess.com"]
[Source "ChessBase"]
[SourceQuality "1"]
[TimeControl "40/5400+30:1800+30"]

1. e4 c5 2. b3 Nc6 3. Bb2 e5 4. Bc4 d6 5. Ne2 Nf6 6. Nbc3 Be7 7. d3 a6 8. a4 Rb8 9. Qd2 Nd4 10. a5 O-O 11. O-O Nh5 12. Nxd4 cxd4 13. Nd5 Bg5 14. Qe2 g6 15. c3 dxc3 16. Bxc3 Be6 17. Nb6 Nf4 18. Qd1 Bf6 19. g3 Nh5 20. d4 Qe7 21. Bxe6 Qxe6 22. Nd5 Bg7 23. dxe5 dxe5 24. Qe2 Nf6 25. Rfd1 Rfd8 26. Nb6 h5 27. Nc4 Ne8 28. Rxd8 Rxd8 29. Rd1 Rxd1+ 30. Qxd1 f6 31. Bb4 Bf8 32. Bxf8 Kxf8 33. Qd2 1/2-1/2

[Event "66th HUN-ch Women 2018"]
[Site "Budapest"]
[Date "2018.12.09"]
[Round "7"]
[White "Erdos, Boglarka"]
[Black "Terbe, Julianna"]
[Result "1-0"]
[ECO "A01"]
[WhiteElo "2137"]
[BlackElo "2272"]
[Annotator "ChessBase"]
[PlyCount "95"]
[EventDate "2018.12.03"]
[EventType "tourn"]
[EventCountry "HUN"]
[SourceTitle "playchess.com"]
[Source "ChessBase"]
[SourceQuality "1"]
[TimeControl "40/5400+30:1800+30"]

1. b3 d5 2. Bb2 Bf5 3. Nf3 e6 4. e3 Nf6 5. Be2 h6 6. O-O Nbd7 7. c4 Bd6 8. d4 c6 9. Nbd2 O-O 10. c5 Bb8 11. b4 a6 12. a4 Re8 13. b5 e5 14. Nxe5 Nxe5 15. dxe5 Nd7 16. Nb3 Nxe5 17. Qd4 f6 18. Bc3 Nf7 19. Qd1 Qc7 20. g3 Ng5 21. Bd4 Bh3 22. Re1 Ne4 23. Bg4 Bxg4 24. Qxg4 Qf7 25. Reb1 h5 26. Qe2 axb5 27. axb5 Rxa1 28. Rxa1 h4 29. bxc6 bxc6 30. Qg4 hxg3 31. hxg3 f5 32. Qh3 Ng5 33. Qh1 Re6 34. Kg2 Rh6 35. Qd1 Qe6 36. Ra8 f4 37. Rxb8+ Kh7 38. Qd3+ Ne4 39. exf4 Qh3+ 40. Kf3 Qf5 41. Rb7 Rh1 42. Rxg7+ Kh6 43. Ke2 Qh5+ 44. g4 Ng3+ 45. Qxg3 Re1+ 46. Kd2 Re2+ 47. Kc3 Rc2+ 48. Kxc2 1-0

[Event "66th HUN-ch Women 2018"]
[Site "Budapest"]
[Date "2018.12.09"]
[Round "7"]
[White "Gaal, Zsoka"]
[Black "Lakos, Nikoletta"]
[Result "1/2-1/2"]
[ECO "A41"]
[WhiteElo "2020"]
[BlackElo "2243"]
[Annotator "NA"]
[PlyCount "34"]
[EventDate "2018.12.03"]
[EventType "tourn"]
[EventCountry "HUN"]
[SourceTitle "playchess.com"]
[Source "ChessBase"]
[SourceQuality "1"]
[TimeControl "40/5400+30:1800+30"]

1. Nf3 d6 2. d4 Bg4 3. g3 Bxf3 4. exf3 e6 5. Bg2 c6 6. O-O g6 7. f4 Bg7 8. c3 Ne7 9. Nd2 d5 10. Qb3 Qb6 11. Qc2 Qa5 12. Qb3 Qb6 13. Qa3 Qa6 14. Qb3 Qb6 15. Qa3 Qa6 16. Qb3 Qb6 17. Qa3 Qa6 1/2-1/2

[Event "66th HUN-ch Women 2018"]
[Site "Budapest"]
[Date "2018.12.10"]
[Round "8"]
[White "Juhasz, Barbara"]
[Black "Havanecz, Bianka"]
[Result "0-1"]
[ECO "C45"]
[WhiteElo "2176"]
[BlackElo "2247"]
[Annotator "NA RC"]
[PlyCount "54"]
[EventDate "2018.12.03"]
[EventType "tourn"]
[EventCountry "HUN"]
[SourceTitle "playchess.com"]
[Source "ChessBase"]
[SourceQuality "1"]
[TimeControl "40/5400+30:1800+30"]

1. e4 e5 2. Nf3 Nc6 3. d4 exd4 4. Nxd4 Bc5 5. Nb3 Bb6 $1 6. Nc3 Nf6 7. Bg5 {[%emt 0:00:20] LiveBook: 100 Games} a5 {[%emt 0:02:40] C45: Scotch Game} (7... h6 8. Bh4 d6 9. f3 g5 10. Bg3 Qe7 11. Qd2 Bd7 12. h4 Rg8 13. O-O-O O-O-O 14. hxg5 hxg5 15. Rh6 Be6 16. Bb5 Bxb3 17. axb3 {1-0 (41) Navara,D (2726)-Malakhov,V (2691) Antalya 2017}) 8. a4 d6 9. Bd3 Nb4 $146 ({Predecessor:} 9... Be6 10. O-O Ne5 11. Bb5+ c6 12. Be2 Bxb3 13. cxb3 Bc5 14. Kh1 h6 15. Bh4 Ng6 {½-½ (56) Nowicka,J (1298)-Janiak,I (1142) Ustron 2015}) 10. O-O h6 11. Bh4 {[%emt 0:03:49] [#]} Be6 (11... g5 $1 $17 12. Bg3 O-O) 12. Qe2 {[%emt 0:20:58] [#]} (12. Nd5 $11 {remains equal.}) 12... g5 $1 13. Bg3 Bg4 ({But not} 13... Nxd3 $6 14. Qxd3 O-O 15. Nd4 $11) (13... h5 $17 14. h4 Nd7) 14. Qd2 O-O 15. Kh1 Nxd3 16. Qxd3 Qd7 17. f4 Kg7 18. fxg5 hxg5 19. Nd4 Rh8 (19... Rae8 $16) 20. Nf5+ Kg8 21. Nxd6 Nh5 22. Nd5 Be2 23. Nf6+ Nxf6 24. Qxe2 Nh5 (24... Qe6 $16) 25. Nf5 $4 {[%emt 0:00:56] [#]} (25. Be5 $18 {was the only winning move.} f6 26. Qc4+ Kh7 27. Rad1 (27. Nxb7 $2 fxe5 28. Qb3 Rhf8 $19)) 25... Qxf5 $1 26. Ra3 Qg6 27. Qg4 $19 Nf6 0-1

[Event "66th HUN-ch Women 2018"]
[Site "Budapest"]
[Date "2018.12.11"]
[Round "9"]
[White "Gaal, Zsoka"]
[Black "Egyed, Judit"]
[Result "0-1"]
[ECO "A04"]
[WhiteElo "2020"]
[BlackElo "2045"]
[Annotator "NA RC"]
[PlyCount "98"]
[EventDate "2018.12.03"]
[EventType "tourn"]
[EventCountry "HUN"]
[SourceTitle "playchess.com"]
[Source "ChessBase"]
[SourceQuality "1"]
[TimeControl "40/5400+30:1800+30"]

1. Nf3 g6 2. g3 Bg7 3. d4 c5 4. Bg2 cxd4 5. Nxd4 Nc6 6. Nb3 Nf6 7. c4 O-O 8. O-O {[%emt 0:00:27] LiveBook: 42 Games} d6 9. Nc3 Be6 {[%emt 0:07:42] E60: King's Indian: Unusual lines and Fianchetto Variation without Nc3} 10. c5 Qd7 (10... d5 11. Bg5 Rc8 12. Bxf6 Bxf6 13. Nxd5 Bxb2 14. Rb1 Bg7 15. e4 Bd7 16. Re1 e6 17. Ne3 Qc7 18. Nc4 Rb8 19. e5 b5 20. cxb6 axb6 21. Rc1 Qa7 22. Nd4 Nxd4 23. Qxd4 {½-½ (23) Nikolic,P (2620)-Rodshtein,M (2664) Germany 2013}) 11. cxd6 exd6 12. Bf4 $146 ({Predecessor:} 12. Nb5 a6 13. N5d4 Bh3 14. Bg5 Bxg2 15. Kxg2 Ne4 16. Bf4 Nxd4 17. Nxd4 {0-1 (25) Jina,T (1904)-Koller,H (2173) Paleochora 2018}) 12... Rfd8 13. Qd2 Bh3 14. Rfd1 Bxg2 15. Kxg2 d5 16. Be3 Qf5 17. Nd4 Nxd4 18. Bxd4 Ne4 19. Nxe4 dxe4 20. Qe3 Bxd4 21. Rxd4 Rxd4 22. Qxd4 Qg4 23. Qe3 Rc8 24. Rd1 a6 25. Rd4 Re8 26. Rd2 Qe6 27. Qb3 Qxb3 28. axb3 Re5 29. Rc2 Rb5 30. Rc3 Kg7 31. Kf1 Kf6 32. e3 h5 33. Ke2 g5 34. h3 Ke5 35. Kd2 Kd6 ({Black should play} 35... f6 $17) 36. Ke2 a5 37. Kd2 a4 38. Kc2 Rf5 39. bxa4 Rxf2+ 40. Kb3 Rg2 41. h4 $2 (41. Kc4) 41... g4 42. Rc4 Rxg3 43. Rxe4 Rf3 $19 44. Re8 g3 45. Kc4 Rf6 46. Rd8+ Ke5 47. Rd1 Ke4 48. Rg1 Rc6+ 49. Kb5 Rg6 0-1